 Dungeon Crawl Stone Soup version 0.20.1-1-g8b1a95d (console) character file.

1402 hilaritas the Grappler (level 8, -6/78 HPs)
             Began as a Troll Hunter on Feb 14, 2018.
             Was an Initiate of Okawaru.
             Mangled by a wyvern skeleton (10 damage)
             ... on level 6 of the Dungeon.
             The game lasted 00:10:03 (4272 turns).

hilaritas the Grappler (Troll Hunter)               Turns: 4272, Time: 00:10:04

Health: -6/78      AC:  7    Str: 23    XL:     8   Next: 42%
Magic:  7/7        EV:  7    Int:  7    God:    Okawaru [......]
Gold:   341        SH:  8    Dex: 10    Spells: 7/7 levels left

rFire    . . .     SeeInvis .     - Unarmed
rCold    . . .     Gourm    +   t - +0 shield
rNeg     . . .     Faith    .   x - +1 robe {MR+}
rPois    .         Spirit   .   (helmet restricted)
rElec    .         Reflect  .   p - +0 cloak
rCorr    .         Harm     .   (gloves unavailable)
MR       +....                  (boots unavailable)
Stlth    +.........             (no amulet)
Regen    0.7/turn               (no ring)
MPRegen  0.1/turn               (no ring)

@: no status effects
A: unfitting armour, claws 3, fast metabolism 3, gourmand, regeneration 1,
shaggy fur 1, tough skin 2
a: Renounce Religion


You were on level 6 of the Dungeon.
You worshipped Okawaru.
Okawaru was noncommittal.
You were completely stuffed.

You visited 2 branches of the dungeon, and saw 7 of its levels.

You collected 341 gold pieces.

Inventory:

Hand Weapons
 a - a +0 short sword
 u - a +1 whip of freezing
Missiles
 c - 5 large rocks (quivered)
 d - 2 throwing nets
Armour
 p - a +0 cloak (worn)
 t - a +0 shield (worn)
 x - a +1 robe of magic resistance (worn)
Jewellery
 j - an uncursed ring of magical power
 l - an uncursed amulet of magic regeneration
 y - the ring of Ahafreic {Ice Str+7 Slay+2 Stlth-}
   (You acquired it on level 6 of the Dungeon)

   [ring of ice]

   It enhances your ice magic.
   It affects your strength (+7).
   It affects your accuracy and damage with ranged weapons and melee attacks
   (+2).
   It makes you vulnerable to fire.
   It protects you from cold.
   It makes you less stealthy.
Wands
 s - a wand of lightning (11/15)
Scrolls
 n - 2 scrolls of remove curse
 o - a scroll of enchant armour
 q - a scroll of fear
Potions
 e - 5 potions of curing
 g - 3 potions of agility
 i - 4 potions of lignification
 k - 2 potions of ambrosia
 v - a potion of berserk rage
 w - a potion of flight {unknown}
 z - a potion of haste {unknown}
Comestibles
 b - 3 chunks of flesh
 f - 6 bread rations
 h - 6 meat rations
 m - a fruit
 r - 4 royal jellies


   Skills:
 * Level 3.9 Fighting
 - Level 3.6 Throwing
 - Level 1.5 Dodging
 - Level 0.3 Stealth
 * Level 2.6 Shields
 + Level 8.7 Unarmed Combat


You had 7 spell levels left.
You didn't know any spells.

Dungeon Overview and Level Annotations

Branches:
Dungeon (6/15)             Temple (1/1) D:6

Altars:
Ashenzari
Kikubaaqudgha
Okawaru
Qazlal
Sif Muna

Shops:
D:5 (


Innate Abilities, Weirdness & Mutations

You are too large for most types of armour.
You have claws for hands.
Your metabolism is lightning-fast.
You like to eat raw meat.
Your natural rate of healing is unusually fast.
You are covered in fur. (AC +1)
You have very tough skin. (AC +2)


Message History

The wyvern skeleton bites you. The hound bites you. The phantom hits you.
The wyvern skeleton bites you. You block the hound's attack.
The wyvern skeleton bites you!
You miss the phantom.
The phantom is moderately damaged.
You barely miss the phantom.
The phantom is moderately damaged.
You barely miss the phantom.
The phantom is moderately damaged.
The phantom blinks!
You claw the wyvern skeleton!
The wyvern skeleton is moderately damaged.
The wyvern skeleton bites you!
You scratch the wyvern skeleton.
The wyvern skeleton is heavily damaged.
The wyvern skeleton bites you!
* * * LOW HITPOINT WARNING * * *
The wyvern skeleton bites you!
You die...

..# #.....# ..#### #####.#
#....# #.# #..#.#* ##.#
*######* ##.#..##
#..####......#* #.##..##
####..p.#........**
#..##..###....##.........>,*
##............#*#.........,*
###............# #.........,*
.........#.....###.........,*
....###...†.....@#?........,*
....# #####....#.Zh........**
....# #....####.....<..**
....# #....# #.........,*
##### #....# #.........,*
###### #.........,*
#.........,* #.........,*
##%.......** ##......#*
********


You could see a hound and a wyvern skeleton.

Vanquished Creatures
  Pikel (D:4)
  Sigmund (D:5)
  The ghost of hilaritas the Archer, an amateur CeHu (D:3)
  2 ogres (D:4)
  2 bullfrogs (D:6)
  A hound (D:6)
  A jelly (D:6)
  An orc priest (D:3)
  A bullfrog skeleton (D:6)
  An iguana (D:4)
  3 worker ants
  A hound skeleton (D:5)
  4 adders
  An ooze (D:1)
  An adder zombie (D:5)
  6 worms
  A dart slug (D:3)
  A leopard gecko (D:5)
  7 orcs
  5 giant cockroaches
  6 hobgoblins
  2 jackals (D:2)
  7 quokkas
  A ball python (D:4)
  7 bats
  8 frilled lizards
  10 goblins
  6 kobolds
  A quokka skeleton (D:5)
  8 rats
98 creatures vanquished.

Vanquished Creatures (others)
  An orc (D:6)
  A quokka (D:6)
2 creatures vanquished.

Grand Total: 100 creatures vanquished

Notes
Turn   | Place    | Note
-------+----------+-------------------------------------------
     0 | D:1      | hilaritas the Troll Hunter began the quest for the Orb.
     0 | D:1      | Reached XP level 1. HP: 19/19 MP: 0/0
   105 | D:1      | Reached skill level 1 in Unarmed Combat
   134 | D:1      | Reached XP level 2. HP: 22/28 MP: 1/1
   764 | D:1      | Reached skill level 2 in Unarmed Combat
   884 | D:2      | Reached XP level 3. HP: 35/35 MP: 2/2
  1174 | D:2      | Reached skill level 3 in Unarmed Combat
  1432 | D:2      | Reached XP level 4. HP: 41/42 MP: 3/3
  1484 | D:2      | Found a deep blue altar of Sif Muna.
  1813 | D:3      | Noticed hilaritas's ghost (amateur CeHu)
  1823 | D:3      | Killed hilaritas's ghost
  1823 | D:3      | Reached skill level 5 in Unarmed Combat
  1823 | D:3      | Reached XP level 5. HP: 30/50 MP: 4/4
  2053 | D:3      | Reached XP level 6. HP: 54/59 MP: 5/5
  2668 | D:4      | Reached skill level 6 in Unarmed Combat
  2920 | D:4      | Noticed Pikel
  2921 | D:4      | Noticed a slave
  2922 | D:4      | Noticed a slave
  2922 | D:4      | Noticed a slave
  2922 | D:4      | Noticed a slave
  2945 | D:4      | Killed Pikel
  2945 | D:4      | Reached skill level 1 in Shields
  2945 | D:4      | Reached skill level 7 in Unarmed Combat
  2945 | D:4      | Reached XP level 7. HP: 58/67 MP: 6/6
  3213 | D:5      | Entered Level 5 of the Dungeon
  3273 | D:5      | Noticed Sigmund
  3295 | D:5      | Killed Sigmund
  3295 | D:5      | Reached skill level 8 in Unarmed Combat
  3295 | D:5      | Reached XP level 8. HP: 25/75 MP: 7/7
  3777 | D:5      | Found Rich's Antique Weapon Emporium.
  3960 | D:6      | Found a staircase to the Ecumenical Temple.
  3978 | Temple   | Entered the Ecumenical Temple
  3985 | Temple   | Became a worshipper of Warmaster Okawaru
  4096 | D:6      | Found a stormy altar of Qazlal.
  4160 | D:6      | Identified a scroll of acquirement
  4161 | D:6      | Got a twitching amber ring
  4162 | D:6      | Identified the ring of Ahafreic {Ice Str+7 Slay+2 Stlth-} (You acquired it on level 6 of the Dungeon)
  4272 | D:6      | HP: 4/78 [wyvern skeleton (14)]
  4272 | D:6      | Mangled by a wyvern skeleton

Skill      XL: |  1  2  3  4  5  6  7  8 |
---------------+-------------------------+-----
Unarmed Combat | 1 2 3 5 7 8 |  8.7
Fighting       | 2 3 |  3.9
Shields        | 1 2 |  2.6
Throwing       | |  3.6
Dodging        | |  1.5
Stealth        | |  0.3

Action                   |  1- 3 |  4- 6 |  7- 9 || total
-------------------------+-------+-------+-------++-------
Melee: Unarmed           |   112 |    93 |   103 ||   308
       Punch             |     2 |       |       ||     2
Throw: Large rock        |       |     5 |     5 ||    10
  Use: Scroll            |     4 |     2 |     6 ||    12
 Stab: Sleeping          |     2 |       |       ||     2
  Eat: Chunk             |    18 |    13 |    14 ||    45
Armor: Robe              |    32 |    32 |    29 ||    93
Dodge: Dodged            |    51 |    35 |    18 ||   104
Block: Shield            |       |     2 |    32 ||    34
